cohdb
Replays
Latest Replays
All Replays
Popular Replays
Top Player Replays
Match Explorer
How It Works
Community
CoH3 Stats
Reddit
Sign in to upload your games and track your stats! →
Sign in with Steam
Match 39193685
Unlisted
Match 39193685
Overview
Messages
Build Orders
End
Panzergrenadier Squad
Panzergrenadier Squad
Panzergrenadier Squad
Construct Light Support Kompanie
2.5-tonne Medical Truck
Selects Battlefield Espionage Battlegroup
Selects Battlefield Espionage Battlegroup
Selects Sector Subterfuge Beacon
Selects Transfer Depots
Fire Support Elements
Selects 250/3 Funkpanzerwagen
le.IG 18 Mechanized Group
Veteran Squad Leaders
Panzergrenadier Squad
Pak 38 Anti-tank Gun Team
Selects Advanced Ambush Training
Pak 38 Mechanized Group
Construct Panzerarmee Kommand
2.5-tonne Medical Truck
Pak 38 Mechanized Group
Selects Firestorm
Selects Operation Skorpion
Flakvierling Half-track
Flakvierling Half-track
Vehicle Survival Package
The101stAirBorne ITA
BamboneWertherone ITA
Capibimbambombolilalone ITA
STALKER4732
kit.ohume
Devochkin
0
0
Comments
sign in to comment!
No comments posted yet!